 Dungeon Crawl Stone Soup version 0.29-a0-352-g0917bc69df (webtiles) character file.

Game seed: 3006314465774356716

7546 Lekart the Nimble (level 10, -1/129 HPs)
             Began as a White Draconian Chaos Knight on Apr 24, 2022.
             Was a Plaything of Xom.
             Slain by a seven-headed hydra (8 damage)
             ... on level 9 of the Dungeon.
             The game lasted 00:23:31 (12611 turns).

Lekart the Nimble (White Draconian Chaos Knight)   Turns: 12611, Time: 00:23:31

Health: -1/129     AC: 25    Str: 16    XL:     10   Next: 96%
Magic:  10/10      EV:  2    Int: 16    God:    Xom [...*..]
Gold:   98         SH:  4    Dex: 10    Spells: 9/9 levels left

rFire   . . .      SeeInvis .   m - +7 dagger "Killer Klown's Peril" {flame, Drain rPois Will+ Stlth+}
rCold   . . .      Faith    .   j - +0 buckler
rNeg    . . .      Spirit   .   (body armour unavailable)
rPois   +          Reflect  .   (helmet currently unavailable)
rElec   .          Harm     .   (cloak currently unavailable)
rCorr   .          Rampage  .   (gloves currently unavailable)
Will    +....      NoTele   +   (boots currently unavailable)
Stlth   ++++......              (no amulet)
HPRegen 0.31/turn               (no ring)
MPRegen 0.12/turn               (no ring)

@: tree-form
A: stationary, stasis, torment immunity, boosted hp, (breathe frost), AC +7,
unfitting armour, (cold resistance 1), (cold-blooded), (big wings), (horns 2),
(talons 2), clever 1, clumsy 2, sense surroundings 2, strong 1
a: Renounce Religion


You were on level 9 of the Dungeon.
You worshipped Xom.
You were a favourite toy of Xom.
You were a tree.
You visited 2 branches of the dungeon, and saw 10 of its levels.

You collected 539 gold pieces.
You spent 441 gold pieces at shops.

Inventory:

Hand Weapons
 a - a +0 falchion of chaos
 k - a +5 triple crossbow of electrocution
 m - the +7 dagger "Killer Klown's Peril" (weapon) {flame, Drain rPois Will+ Stlth+}
   (You found it on level 2 of the Dungeon)

   It burns those it strikes, dealing additional fire damage.
   rPois:     It protects you from poison.
   Drain:     It drains your maximum health when unequipped.
   Will:      It increases your willpower.
   Stlth:     It makes you more stealthy.
Missiles
 s - 4 throwing nets
Armour
 d - a scarf of shadows (melded)
 f - a +1 pair of boots (melded)
 j - a +0 buckler (worn)
 u - a +0 hat of see invisible (melded)
Jewellery
 v - an amulet of the acrobat
 z - a ring of see invisible
Wands
 c - a wand of acid (13)
Scrolls
 o - a scroll of blinking
 r - a scroll of identify
 B - a scroll of amnesia
Potions
 e - a potion of ambrosia
 h - 7 potions of mutation
 i - a potion of brilliance
 l - a potion of magic
 n - a potion of curing
 p - 3 potions of cancellation
 q - 5 potions of flight
 t - a potion of resistance
 w - 2 potions of lignification
Miscellaneous
 b - a piece from Xom's chessboard (2/15) (quivered)


   Skills:
 + Level 7.4 Fighting
 + Level 7.5(8.0) Short Blades
 + Level 4.1(6.4) Long Blades
 * Level 9.9 Dodging
 + Level 6.0 Stealth
 + Level 3.6 Shields
 + Level 4.2 Evocations


You had 9 spell levels left.
You didn't know any spells.
Your spell library contained the following spells:

 Spells                   Type           Power      Damage    Failure   Level
 Foxfire                  Conj/Fire      0%         2x1d4     32%         1
 Slow                     Hex            0%         N/A       32%         1
 Summon Small Mammal      Summ           0%         N/A       32%         1
 Sublimation of Blood     Necr           0%         N/A       45%         2
 Wereblood                Tmut           0%         N/A       45%         2
 Call Canine Familiar     Summ           0%         N/A       69%         3
 Confusing Touch          Hex            0%         N/A       69%         3
 Conjure Flame            Conj/Fire      0%         6-21      69%         3
 Dazzling Flash           Conj/Hex       0%         N/A       69%         3
 Gell's Gravitas          Tloc           0%         N/A       69%         3
 Inner Flame              Hex/Fire       0%         N/A       69%         3
 Stone Arrow              Conj/Erth      0%         3d7       69%         3
 Summon Guardian Golem    Hex/Summ       0%         N/A       69%         3
 Teleport Other           Tloc           0%         N/A       69%         3
 Vampiric Draining        Necr           0%         2d6       69%         3
 Flame Wave               Conj/Fire      0%         2d4       97%         4
 Hailstorm                Conj/Ice       0%         3d3       97%         4
 Agony                    Necr           0%         N/A       100%        5
 Alistair's Intoxication  Tmut/Pois      0%         N/A       100%        5
 Lightning Bolt           Conj/Air       0%         1d11      100%        5
 Silence                  Hex/Air        0%         N/A       100%        5
 Dispersal                Tloc           0%         N/A       100%        6
 Summon Hydra             Summ           0%         N/A       100%        7


Dungeon Overview and Level Annotations

Branches:
Dungeon (9/15)             Temple (1/1) D:6
   Lair: D:8-11         Orc: D:9-12

Altars:
Ashenzari
Cheibriados
Elyvilon
Fedhas
Gozag
Hepliaklqana
Kikubaaqudgha
Makhleb
Nemelex Xobeh
Okawaru
Qazlal
Ru
Sif Muna
Trog
Uskayaw
Vehumet
Wu Jian
Xom
Yredelemnul
Zin
The Shining One

Shops:
D:2 =   D:7 (?=

Annotations:
D:3 1 runed translucent door, Turbonekonecno's ghost, amateur SpEn
D:6 3 runed translucent doors, MrShunz's ghost, novice DECj
D:9 Psyche


Innate Abilities, Weirdness & Mutations

You are a tree.
Your roots penetrate the ground, keeping you stationary.
You cannot be teleported.
You are immune to unholy pain and torment.
Your maximum health is greatly increased.
Your equipment is partially melded.
((You can breathe waves of freezing cold which knock back foes.))
((Your icy white scales are hard. (AC +7)))
You cannot fit into any form of body armour.
((Your flesh is cold resistant. (rC+)))
((You are cold-blooded and may be slowed by cold attacks.))
((Your large and strong wings let you fly.))
((You have a pair of horns on your head.))
((You have razor-sharp toenails.))
Your mind is acute. (Int +2)
You are very clumsy. (Dex -4)
You passively map the area around you.
Your muscles are strong. (Str +2)


Message History

The seven-headed hydra bites you but does no damage.
The seven-headed hydra bites you.
* * * LOW HITPOINT WARNING * * *
The seven-headed hydra bites you.
* * * LOW HITPOINT WARNING * * *
You cannot move. (Use ctrl+direction or * direction to attack while stationary and confused.)
You cannot move. (Use ctrl+direction or * direction to attack while stationary and confused.)
You cannot move. (Use ctrl+direction or * direction to attack while stationary and confused.)
You are more confused.
You feel invigorated.
The seven-headed hydra bites you but does no damage.
The seven-headed hydra bites you.
* * * LOW HITPOINT WARNING * * *
The seven-headed hydra bites you but does no damage. x2
The seven-headed hydra bites you!
* * * LOW HITPOINT WARNING * * *
The seven-headed hydra bites you!
* * * LOW HITPOINT WARNING * * *
The seven-headed hydra bites you but does no damage.
You are more confused.
You feel more invigorated.
The seven-headed hydra barely misses you.
The seven-headed hydra bites you but does no damage. x2
The seven-headed hydra bites you.
* * * LOW HITPOINT WARNING * * *
The seven-headed hydra bites you but does no damage. x3
You cannot move. (Use ctrl+direction or * direction to attack while stationary and confused.)
You feel better.
You feel less invigorated.
You hear some strange, mumbled words.
A swirling arc of seething chaos appears!
The arc of chaos arcs out of your line of sight!
An arc of chaos appears from out of thin air!
The arc of chaos suddenly appears!
The seven-headed hydra bites you.
* * * LOW HITPOINT WARNING * * *
The seven-headed hydra bites you!
* * * LOW HITPOINT WARNING * * *
The seven-headed hydra bites you but does no damage. x2
The seven-headed hydra bites you!
You die...
Xom is highly amused!

##.###### * * * *
......... * *
##[############## *
** ** *
......(..........,
, ##...............
, , , ,,
##...#####'########
**
##>..#.........#..#
,* ,
##...#.###.###.#)#*
,, * , ##...# #.#
#.#♣# * ##...#
*#.###.#D# * , ,*
##...' .......{J#,,
, ,', ##...#
##.###.#C## *,#, ,
, # , #. #.#JO##
.#, # , ,* *
#.#...####..# * #*,
, , , ..##........#
#* * *
#######C#####* * *
# * ,, #g......# ,


You could see a seven-headed hydra, a large slime creature (summoned), a slime
creature (summoned), a two-headed ogre (summoned) and a cyclops.

Vanquished Creatures
  Gastronok (D:9)
  A manticore (D:7)
  A cane toad (D:9)
  A troll (D:7)
  A hornet (D:8)
  A wraith (D:6)
  2 wyverns
  Eustachio (D:4)
  Menkaure (D:5)
  2 vampire mosquitoes (D:8)
  A water moccasin (D:8)
  3 orc warriors
  2 black bears
  3 centaurs
  An ice beast (D:8)
  4 ogres
  3 kobold brigands
  7 necrophages
  2 bullfrogs (D:7)
  6 scorpions
  8 wights
  17 killer bees (D:8)
  2 jellies
  2 gnoll shamans
  5 hounds
  3 orc priests
  Jessica (D:2)
  3 iguanas (D:5)
  Ijyb (D:4)
  10 orc wizards
  Robin (D:2)
  9 gnolls
  5 adders
  A river rat (D:9)
  A shadow imp (D:5)
  2 white imps
  An ufetubus (D:7)
  2 worms
  5 dart slugs
  29 orcs
  11 ball pythons
  4 bats
  6 endoplasms
  5 giant cockroaches
  17 goblins
  10 hobgoblins
  2 jackals (D:1)
  4 quokkas
  2 frilled lizards (D:1)
  18 kobolds
  4 rats
235 creatures vanquished.

Vanquished Creatures (collateral kills)
  An endoplasm (D:4)
1 creature vanquished.

Grand Total: 236 creatures vanquished

Notes
Turn   | Place    | Note
-------+----------+-------------------------------------------
     0 | D:1      | Lekart the Draconian Chaos Knight began the quest for the
                  | Orb.
     0 | D:1      | Reached XP level 1. HP: 19/19 MP: 1/1
    72 | D:1      | XOM: silly message
    93 | D:1      | XOM: divination: detect creatures
   129 | D:1      | XOM: smoke on damage
   141 | D:1      | XOM: potion effect (berserk rage)
   239 | D:1      | XOM: silly message
   305 | D:1      | XOM: god gift: plate armour {god gift}
   461 | D:1      | Reached XP level 2. HP: 26/26 MP: 2/2
   556 | D:1      | XOM: give mutations
   556 | D:1      | Gained mutation: You are somewhat resistant to further
                  | mutation. [Xom's grace]
   556 | D:1      | Lost mutation: You are somewhat resistant to further
                  | mutation. [Xom's grace]
   556 | D:1      | Gained mutation: You have hidden genetic potential. [Xom's
                  | grace]
   556 | D:1      | Gained mutation: Your mind is acute. (Int +2) [Xom's grace]
   809 | D:1      | Found a faded altar of an unknown god.
   860 | D:1      | XOM: divination: detect items
   881 | D:1      | Reached XP level 3. HP: 28/31 MP: 3/3
  1028 | D:1      | XOM: give mutations
  1028 | D:1      | Gained mutation: You have a pair of small horns on your
                  | head. [Xom's grace]
  1028 | D:1      | Gained mutation: Your muscles are strong. (Str +2) [Xom's
                  | grace]
  1204 | D:1      | XOM: scenery: 1 doors open
  1254 | D:2      | Gained mutation: You passively map a small area around you.
                  | [hidden potential]
  1330 | D:2      | Identified the +7 dagger "Killer Klown's Peril" {flame,
                  | Drain rPois Will+ Stlth+}
  1409 | D:2      | Found Gyof Ken's Jewellery Shop.
  1413 | D:2      | Noticed Jessica
  1417 | D:2      | Reached skill level 3 in Dodging
  1434 | D:2      | Killed Jessica
  1435 | D:2      | Reached XP level 4. HP: 37/40 MP: 4/4
  1575 | D:2      | Gained mutation: You have a pair of horns on your head.
                  | [hidden potential]
  1575 | D:2      | Lost mutation: You have hidden genetic potential. [hidden
                  | potential expressed]
  1591 | D:2      | XOM: noise
  1680 | D:2      | Noticed Robin
  1683 | D:2      | Killed Robin
  1836 | D:2      | Identified the +2 leather armour "Kaanaebb" {rF+ rN++ Int-5
                  | Slay-4}
  1984 | D:3      | XOM: summons 3 hostile demons
  2236 | D:3      | XOM: 7-stop teleportation journey
  2316 | D:3      | Found a large runed translucent door.
  2336 | D:3      | Found a large runed translucent door.
  2364 | D:3      | Found a runed translucent door.
  2365 | D:3      | Noticed Turbonekonecno's ghost (amateur SpEn)
  2627 | D:3      | Found a hazy altar of Hepliaklqana.
  2627 | D:3      | Found a glowing silver altar of Zin.
  2763 | D:3      | Found a radiant altar of Vehumet.
  2774 | D:3      | Found a broken altar of Ashenzari.
  2808 | D:4      | Noticed a necrophage
  2818 | D:4      | Killed a necrophage
  2819 | D:4      | Reached skill level 1 in Short Blades
  2819 | D:4      | Reached skill level 1 in Stealth
  2819 | D:4      | Reached XP level 5. HP: 41/46 MP: 5/5
  2855 | D:4      | Noticed an orc warrior
  2857 | D:4      | XOM: divination: detect items
  2885 | D:3      | Killed an orc warrior
  2886 | D:3      | Reached skill level 4 in Dodging
  2886 | D:3      | Reached XP level 6. HP: 33/52 MP: 6/6
  2919 | D:3      | XOM: summons 4 hostile demons
  2929 | D:4      | XOM: smoke on damage
  2930 | D:4      | Noticed Eustachio
  2933 | D:5      | Entered Level 5 of the Dungeon
  3147 | D:5      | XOM: polymorph orc wizard -> gnoll
  3562 | D:5      | Found a bloodstained altar of Trog.
  3562 | D:5      | XOM: 3-stop teleportation journey
  3700 | D:4      | Found a shimmering blue altar of Sif Muna.
  3708 | D:4      | Your scales start taking on an icy white colour.
  3708 | D:4      | Reached XP level 7. HP: 55/60 MP: 7/7
  3708 | D:4      | Gained mutation: Your flesh is cold resistant. (rC+) [White
                  | Draconian growth]
  3767 | D:4      | XOM: summons friendly white imp
  3775 | D:4      | Reached skill level 1 in Shields
  3782 | D:4      | Noticed Ijyb
  3792 | D:4      | Killed Ijyb
  3796 | D:4      | XOM: divination: magic mapping
  3798 | D:4      | XOM: smoke on damage
  3810 | D:4      | XOM: fake destruction
  3816 | D:4      | XOM: enchant monster (good)
  3817 | D:4      | XOM: cast spell 'Discord'
  3947 | D:4      | Reached skill level 5 in Dodging
  4148 | D:4      | Reached skill level 5 in Fighting
  4285 | D:4      | Found a glowing golden altar of the Shining One.
  4380 | D:4      | Killed Eustachio
  4381 | D:4      | Reached XP level 8. HP: 48/68 MP: 8/8
  4419 | D:4      | XOM: cloud trail
  4748 | D:4      | XOM: god gift: fuming silvery potion {god gift}
  4808 | D:5      | You fall into a shaft and drop 1 floor!
  4808 | D:6      | Found a staircase to the Ecumenical Temple.
  4824 | Temple   | Entered the Ecumenical Temple
  4952 | D:6      | XOM: summons friendly quasit
  4965 | D:6      | Reached skill level 6 in Dodging
  4966 | D:6      | XOM: give mutation
  4966 | D:6      | Gained mutation: You are clumsy. (Dex -2) [Xom's mischief]
  4968 | D:6      | XOM: smoke on damage
  5000 | D:6      | XOM: 1-stop teleportation journey
  5300 | D:5      | Noticed Menkaure
  5301 | D:5      | Killed Menkaure
  5445 | D:5      | Reached skill level 5 in Short Blades
  5452 | D:5      | XOM: cast spell 'Call Canine Familiar'
  5493 | D:6      | XOM: cloud trail
  5641 | D:6      | XOM: divination: detect creatures
  5893 | D:5      | XOM: divination: magic mapping
  6082 | D:5      | XOM: cloud trail
  6266 | D:6      | Reached XP level 9. HP: 75/75 MP: 9/9
  6281 | D:6      | Reached skill level 7 in Dodging
  6307 | D:6      | Found a shimmering altar of Xom.
  6308 | D:6      | Found a shimmering altar of Xom.
  6311 | D:6      | Found a shimmering altar of Xom.
  6311 | D:6      | Found a shimmering altar of Xom.
  6312 | D:6      | Found a shimmering altar of Xom.
  6312 | D:6      | Found a shimmering altar of Xom.
  6312 | D:6      | Found a shimmering altar of Xom.
  6314 | D:6      | Found a shimmering altar of Xom.
  6356 | D:6      | Found a white marble altar of Elyvilon.
  6527 | D:6      | XOM: divination: magic mapping
  6645 | D:6      | XOM: noise
  6712 | D:6      | XOM: cast spell 'Summon Small Mammal'
  6719 | D:6      | Reached skill level 1 in Evocations
  7365 | D:6      | Found a runed translucent gate.
  7365 | D:6      | Found a runed translucent gate.
  7367 | D:6      | Found a runed translucent gate.
  7483 | D:6      | Noticed MrShunz's ghost (novice DECj)
  7530 | D:7      | XOM: give mutations
  7530 | D:7      | Gained mutation: You tend to lose your temper in combat.
                  | [Xom's mischief]
  7530 | D:7      | Lost mutation: You tend to lose your temper in combat.
                  | [Xom's mischief]
  7614 | D:7      | Found Faoxtup's Magic Scroll Shoppe.
  7624 | D:7      | Bought a scroll of enchant weapon for 105 gold pieces
  7624 | D:7      | Bought a scroll of brand weapon for 280 gold pieces
  7624 | D:7      | Bought a scroll of identify for 28 gold pieces
  7624 | D:7      | Bought a scroll of identify for 28 gold pieces
  7700 | D:7      | XOM: 2-stop teleportation journey
  7838 | D:7      | Identified a scroll of acquirement
  7838 | D:7      | Acquired a +4 vorpal triple crossbow
  7994 | D:7      | Noticed a troll
  8000 | D:7      | Killed a troll
  8001 | D:7      | Reached skill level 5 in Stealth
  8052 | D:7      | Found a sparkling altar of Nemelex Xobeh.
  8206 | D:7      | Found Keseu's Jewellery Boutique.
  8307 | D:7      | XOM: silly message
  8414 | D:7      | Found Hoihu's Antique Weapon Boutique.
  8443 | D:7      | Reached skill level 8 in Dodging
  8465 | D:7      | Noticed a manticore
  8470 | D:7      | XOM: silly message
  8477 | D:7      | Killed a manticore
  8732 | D:8      | XOM: enchant monster (good)
  8736 | D:8      | XOM: enchant monster (bad)
  8751 | D:8      | XOM: polymorph something unseen -> gnoll
  9030 | D:8      | Reached XP level 10. HP: 84/84 MP: 10/10
  9332 | D:8      | XOM: god gift: potion of heal wounds
  9493 | D:8      | Found an ornate altar of the Wu Jian Council.
  9519 | D:8      | XOM: 3-stop teleportation journey
  9733 | D:8      | XOM: silly message
  9749 | D:8      | XOM: divination: detect items
 10094 | D:8      | XOM: summons 2 hostile demons
 10140 | D:9      | XOM: polymorph orc -> river rat
 10318 | D:9      | XOM: summons 2 hostile shadow creatures
 10655 | D:9      | Noticed Harold
 10660 | D:9      | Noticed Harold
 10660 | D:9      | Harold changed into Harold the cane toad
 10668 | D:9      | Killed Harold the cane toad
 11012 | D:9      | XOM: summons 2 hostile demons
 11089 | D:9      | Reached skill level 9 in Dodging
 11117 | D:9      | Noticed Gastronok
 11130 | D:8      | XOM: silly message
 11779 | D:9      | XOM: butterfly on damage
 11913 | D:8      | XOM: give mutations
 11913 | D:8      | Gained mutation: You have sharp toenails. [Xom's grace]
 11913 | D:8      | Gained mutation: Your large and strong wings let you fly.
                  | [Xom's grace]
 11913 | D:8      | Gained mutation: You passively map the area around you.
                  | [Xom's grace]
 11913 | D:8      | Gained mutation: You have razor-sharp toenails. [Xom's
                  | grace]
 11919 | D:8      | XOM: god gift: Xom's Handbook of Triumph {god gift}
 12027 | D:8      | Got Xom's Handbook of Triumph {god gift}
 12053 | D:9      | Killed Gastronok
 12401 | D:9      | XOM: give mutation
 12401 | D:9      | Gained mutation: You are very clumsy. (Dex -4) [Xom's
                  | mischief]
 12588 | D:9      | Noticed a seven-headed hydra
 12588 | D:9      | Noticed a cyclops
 12593 | D:9      | Noticed a two-headed ogre
 12593 | D:9      | Noticed Psyche
 12607 | D:9      | XOM: confusion
 12610 | D:9      | HP: 6/129 [seven-headed hydra (5)]
 12611 | D:9      | Slain by a seven-headed hydra

Illustrated notes

Levels and vault maps discovered:
D:1:      dpeg_arrival_water_fire, layout_loops_ring, basic_ecumenical_altar,
          dk_noncrumbling_2, minmay_tetromino_o4
D:2:      layout_basic, serial_shops, nicolae_shop_hallway_stairs, uniq_robin,
          uniq_jessica
D:3:      layout_rooms, jmf_multi_god_temple2, gammafunk_temple_overflow_wave,
          gammafunk_ghost_grave
D:4:      kennysheep_big_flooded_room, layout_rooms,
          mainiacjoe_overflow_brackets, tso_oasis_becter, uniq_eustachio,
          uniq_ijyb
D:5:      layout_cave_pools, mainiacjoe_overflow_alcove_4,
          kennysheep_generic_room_5, uniq_menkaure
D:6:      layout_loops_ring, elyvilon_altar_1, xom_redecorated,
          minmay_temple_entry_drinking_statues, gammafunk_ghost_necromancy
D:7:      layout_loops_corners, mainiacjoe_overflow_paths, serial_shops,
          nicolae_shop_window_shopping, kennysheep_little_box, shop,
          kennysheep_small_square
D:8:      layout_loops_ring, nzn_wu_jian_contemplation,
          dreamdust_princess_bridge
D:9:      minmay_the_grid_3x3 [minmay_the_grid_minigrid_large,
          minmay_the_grid_aliased_spiral, minmay_the_grid_fan,
          minmay_the_grid_odd_star, minmay_the_grid_tree,
          minmay_the_grid_expand, minmay_the_grid_plusring,
          minmay_the_grid_diamond_grid, minmay_the_grid_prize_inner_circle],
          layout_basic, uniq_gastronok, uniq_harold, uniq_psyche
Temple:   eino_temple_lava

Skill      XL: |  1  2  3  4  5  6  7  8  9 10 |
---------------+-------------------------------+-----
Dodging        | 3 4 5 6 8 9 |  9.9
Long Blades    | 4 |  4.1
Fighting       | 4 5 6 7 |  7.4
Short Blades   | 1 2 3 5 6 7 |  7.5
Stealth        | 1 2 3 4 5 6 |  6.0
Shields        | 1 2 3 |  3.6
Evocations     | 1 4 |  4.2

Action                   |  1- 3 |  4- 6 |  7- 9 | 10-12 || total
-------------------------+-------+-------+-------+-------++-------
Melee: Falchion          |    90 |       |       |       ||    90
       Tailslap          |     5 |    16 |    36 |    30 ||    87
       Dagger            |     8 |   149 |   304 |   198 ||   659
       Headbutt          |     3 |    22 |    45 |    42 ||   112
 Abil: Breathe Frost     |       |       |     1 |       ||     1
Evoke: Piece from Xom's  |       |     1 |    10 |    13 ||    24
       Wand              |       |     1 |    17 |    34 ||    52
  Use: Scroll            |       |     5 |    18 |     6 ||    29
       Potion            |       |       |     5 |    10 ||    15
 Stab: Sleeping          |     3 |     4 |    12 |     4 ||    23
       Paralysed         |       |     2 |     4 |       ||     6
       Distracted        |       |       |     2 |     1 ||     3
       Confused          |       |       |       |     1 ||     1
Armor: Skin              |    36 |    53 |    97 |    89 ||   275
Dodge: Dodged            |    70 |    83 |   187 |   169 ||   509
Block: Buckler           |     3 |    23 |    47 |    38 ||   111

Table legend: (Time is in decaauts)
 A = Elapsed time spent in this place.
 B = Non-inter-level travel time spent in this place.
 C = Inter-level travel time spent in this place.
 D = Time resting spent in this place.
 E = Time spent auto-exploring this place.
 F = Levels seen in this place.
 G = Mean time per level.
                   A        B        C        D        E       F      G
               +--------+--------+--------+--------+--------+-----+--------+
         Total |  12538 |  12402 |    136 |   3589 |   6750 |  10 | 1253.8 |
       Dungeon |  12434 |  12305 |    129 |   3589 |   6661 |   9 | 1381.6 |
        Temple |    103 |     96 |      7 |      0 |     89 |   1 |  103.0 |
               +--------+--------+--------+--------+--------+-----+--------+

Top non-repeatable levels by time:
     D:8: 2836 daAuts
     D:6: 1883 daAuts
     D:5: 1424 daAuts
     D:1: 1236 daAuts
     D:4: 1201 daAuts
     D:7: 1192 daAuts
     D:9: 1004 daAuts
     D:2: 934 daAuts
     D:3: 720 daAuts
  Temple: 103 daAuts
